cohdb
Replays
Latest Replays
All Replays
Popular Replays
Top Player Replays
Match Explorer
How It Works
Community
CoH3 Stats
Reddit
Sign in to upload your games and track your stats! →
Sign in with Steam
Match 35508615
Unlisted
Match 35508615
Overview
Messages
Build Orders
End
Construct Section Command Post
Vickers Machine Gun Team
Selects Heavy Armor Battlegroup
Infantry Section
ML 3-inch Mortar Team
Infantry Section
Grenade Package
Construct Platoon Command Post
Humber Armored Car
Vickers Machine Gun Team
CMP 15cwt Truck
6-pounder Anti-tank Gun Team
Construct Company Command Post
Infantry Section
Selects Engineer Detachments
Selects Crusader AA Medium Tank
Royal Engineer Section
Foot Guards Section
Unlock Towed 17-pounder Anti-tank Guns
17-pounder Anti-tank Gun Team
Amoonir
Glendizzle
EgyptianKhaos
UH|dun! ツ
UH|ck
UH|XTC
0
0
Comments
sign in to comment!
No comments posted yet!